Map: Pillars of Gold LE

Players

KingCobra

  • Race: Protoss Protoss
  • Spawn Location: 7:00

goblin - Winner!

  • Race: Protoss Protoss
  • League: Grandmaster
  • Spawn Location: 1:00

Event: DreamHack SC2 Masters 2020 Winter

VOD

Have the link to the VOD?

Description

Time

  • Played on: Oct. 14, 2020, 2:26 p.m.
  • Length: 10:48

All games in this series

Show
View Real Time Build Order
Export as new Build Order

KingCobra Protoss 

Build Orders: Oracle Opening, Phoenix Opening 

Get SALT Encoding   

  12  0:00  Probe  
  13  0:12  Probe  
  14  0:20  Pylon  
  14  0:24  Probe  
  15  0:38  Probe (Chrono Boost)  
  15  0:39  Gateway  
  16  0:48  Assimilator  
  16  0:49  Probe (Chrono Boost)  
  17  0:53  Probe (Chrono Boost)  
  18  1:01  Assimilator  
  18  1:05  Probe (Chrono Boost)  
  19  1:12  Pylon  
  19  1:15  Probe (Chrono Boost)  
  20  1:20  Probe (Chrono Boost)  
  21  1:29  Cybernetics Core  
  21  1:32  Probe  
  22  1:44  Probe  
  23  1:56  Probe  
  24  2:07  Stargate  
  24  2:09  Stalker  
  26  2:16  Pylon  
  26  2:19  Pylon  
  26  2:42  Stalker  
  27  2:50  Oracle (Chrono Boost)  
  27  2:58  Nexus  
  30  3:04  Shield Battery  
  30  3:15  Pylon  
  30  3:17  Probe  
  31  3:33  Phoenix  
  31  3:34  Stalker  
  35  3:36  Probe  
  36  4:07  Probe (Chrono Boost)  
  36  4:09  Phoenix (Chrono Boost)  
  35  4:13  Probe (Chrono Boost)  
  36  4:19  Probe (Chrono Boost)  
  38  4:24  Probe (Chrono Boost)  
  38  4:25  Phoenix  
  38  4:27  Probe (Chrono Boost)  
  38  4:29  Probe (Chrono Boost)  
  42  4:33  Probe  
  42  4:35  Robotics Facility  
  43  4:39  Probe  
  43  4:45  Probe  
  45  4:51  Probe  
  46  4:54  Phoenix  
  46  4:57  Probe  
  49  5:03  Probe  
  50  5:09  Probe  
  50  5:10  Pylon  
  51  5:15  Probe  
  51  5:21  Probe  
  53  5:28  Phoenix, Immortal (Chrono Boost)  
  55  5:29  Pylon  
  59  5:45  Probe x2  
  59  5:46  Assimilator  
  61  5:50  Assimilator, Pylon  
  61  5:53  Phoenix  
  63  6:01  Probe x2  
  65  6:05  Immortal (Chrono Boost)  
  65  6:34  Robotics Facility, Immortal (Chrono Boost)  
  65  6:35  Shield Battery  
  65  6:36  Pylon  
  65  6:38  Phoenix  
  71  6:48  Shield Battery  
  71  6:52  Pylon  
  71  6:54  Pylon  
  71  6:58  Probe  
  71  6:59  Probe  
  73  7:07  Immortal (Chrono Boost)  
  66  7:18  Immortal (Chrono Boost)  
  66  7:30  Probe x2  
  66  7:31  Shield Battery  
  66  7:33  Pylon  
  71  7:42  Probe x2, Immortal (Chrono Boost)  
  69  7:50  Immortal (Chrono Boost)  
  69  7:58  Probe  
  69  7:59  Probe  
  69  8:15  Immortal  
  73  8:24  Pylon  
  73  8:25  Immortal  
  77  8:32  Robotics Bay, Probe x2  
  74  8:52  Protoss Air Weapons Level 1  
  74  8:58  Observer  
  75  9:11  Nexus  
  75  9:13  Nexus  
  75  9:16  Pylon, Disruptor x2 (Chrono Boost)  
  81  9:33  Pylon  
  81  9:37  Shield Battery x2  
  81  9:39  Shield Battery  
  81  9:42  Probe x2  
  81  9:45  Disruptor x2  
  89  9:50  Shield Battery  
  87  9:57  Probe x2  
  87  9:59  Assimilator  
  89  10:03  Assimilator, Fleet Beacon  
  89  10:09  Probe x2  
Show
View Real Time Build Order
Export as new Build Order

goblin Protoss - Winner!

Build Orders:  

Get SALT Encoding   

  12  0:00  Probe  
  13  0:12  Probe  
  14  0:18  Pylon  
  14  0:24  Probe (Chrono Boost)  
  15  0:36  Probe (Chrono Boost)  
  15  0:40  Gateway  
  16  0:45  Probe (Chrono Boost)  
  17  0:50  Assimilator  
  17  0:51  Probe  
  18  1:02  Assimilator  
  18  1:04  Probe  
  19  1:14  Gateway  
  19  1:16  Probe (Chrono Boost)  
  21  1:27  Probe (Chrono Boost)  
  21  1:31  Cybernetics Core  
  21  1:34  Probe  
  22  1:43  Pylon  
  22  1:46  Probe  
  23  2:01  Probe  
  24  2:10  Stalker x2, Warp Gate  
  28  2:20  Pylon  
  28  2:25  Probe  
  29  2:40  Adept x2  
  33  3:07  Pylon  
  33  3:10  Sentry x2  
  37  3:17  Nexus  
  37  3:21  Probe  
  37  3:31  Twilight Council  
  37  3:33  Probe (Chrono Boost)  
  38  3:45  Probe (Chrono Boost)  
  38  3:49  Shield Battery  
  36  3:57  Probe (Chrono Boost)  
  37  4:07  Blink  
  37  4:08  Probe (Chrono Boost)  
  35  4:17  Probe (Chrono Boost)  
  35  4:22  Probe (Chrono Boost)  
  35  4:24  Gateway  
  35  4:25  Gateway  
  35  4:31  Probe (Chrono Boost)  
  37  4:32  Stalker  
  37  4:38  Probe (Chrono Boost)  
  40  4:43  Probe (Chrono Boost)  
  41  4:47  Probe (Chrono Boost)  
  41  4:49  Probe (Chrono Boost)  
  41  4:52  Probe (Chrono Boost)  
  43  4:57  Stalker, Probe  
  47  5:04  Probe  
  47  5:06  Pylon  
  48  5:09  Probe  
  49  5:19  Probe (Chrono Boost)  
  49  5:21  Stalker, Probe (Chrono Boost)  
  52  5:24  Pylon  
  53  5:28  Gateway  
  53  5:32  Probe (Chrono Boost)  
  53  5:33  Probe (Chrono Boost)  
  54  5:36  Stalker  
  54  5:40  Probe x2  
  55  5:50  Stalker x2  
  55  5:53  Probe  
  60  5:57  Stalker  
  60  6:01  Probe  
  60  6:03  Pylon  
  63  6:05  Probe  
  64  6:14  Stalker x2  
  64  6:15  Stalker  
  66  6:28  Probe x2  
  66  6:29  Stalker x2  
  70  6:44  Stalker  
  70  6:45  Stalker x2  
  76  6:54  Nexus  
  76  6:56  Pylon  
  66  7:17  Stalker x5  
  66  7:19  Probe x2  
  76  7:31  Assimilator, Charge  
  76  7:34  Forge, Probe x2 (Chrono Boost)  
  78  7:43  Probe x2 (Chrono Boost)  
  76  7:48  Probe (Chrono Boost)  
  69  7:52  Probe  
  69  7:53  Stalker x3  
  76  8:00  Protoss Ground Weapons Level 1 (Chrono Boost)  
  76  8:02  Stalker x2  
  80  8:11  Photon Cannon  
  80  8:17  Photon Cannon  
  80  8:22  Stalker  
  80  8:32  Probe x2 (Chrono Boost)  
  80  8:34  Stalker x3  
  84  8:36  Assimilator, Probe (Chrono Boost)  
  84  8:38  Assimilator  
  88  8:50  Probe x2 (Chrono Boost), Sentry  
  88  8:52  Probe (Chrono Boost)  
  88  8:54  Pylon  
  91  8:57  Probe (Chrono Boost)  
  91  8:58  Probe (Chrono Boost)  
  91  8:59  Probe  
  91  9:00  Gateway  
  91  9:01  Gateway  
  94  9:08  Probe  
  95  9:13  Zealot x4  
  95  9:14  Zealot  
  95  9:15  Probe x2  
  107  9:17  Pylon  
  107  9:24  Gateway  
  107  9:25  Pylon  
  107  9:28  Gateway  
  107  9:39  Zealot x5  
  117  9:47  Pylon  
  115  9:56  Zealot  
  117  10:00  Zealot x5  
  127  10:12  Templar Archives  
  101  10:28  Stalker x2, Zealot x4  
  101  10:29  Stalker x2  
Tags
 
Add a new tag
Caveats
  • Supply blocks, unpowered buildings, or Contaminate may cause inaccurate times.
  • Supply counts are checked every 10 seconds.